 Dungeon Crawl Stone Soup version 0.28-a0-697-g47f3eba078 (webtiles) character file.

Game seed: 11075120344324936279

1 KoroneIsBestGirl the Poker (level 1, 0/11 HPs)
             Began as a Vine Stalker Berserker on Oct 24, 2021.
             Was a Follower of Trog.
             Slain by a quokka (2 damage)
             ... on level 1 of the Dungeon.
             The game lasted 00:00:05 (49 turns).

KoroneIsBestGirl the Poker (Vine Stalker Berserker)   Turns: 49, Time: 00:00:07

Health: 0/11       AC:  2    Str: 19    XL:     1   Next: 20%
Magic:  0/2        EV: 12    Int:  7    God:    Trog [*.....]
Gold:   0          SH:  0    Dex: 13    Spells: 0/0 levels left

rFire   . . .      SeeInvis .   a - +0 spear
rCold   . . .      Faith    .   (no shield)
rNeg    . . .      Spirit   +   b - +0 animal skin
rPois   .          Reflect  .   (no helmet)
rElec   .          Harm     .   (no cloak)
rCorr   .          Rampage  .   (no gloves)
Will    .....                   (no boots)
Stlth   +.........              (no amulet)
HPRegen 0.03/turn               (no ring)
MPRegen 0.08/turn               (no ring)

@: no status effects
A: fangs 2, magic shield, antimagic bite, no potion heal 2
a: Renounce Religion, Berserk


You were on level 1 of the Dungeon.
You worshipped Trog.
Trog was aware of your devotion.
You visited 1 branch of the dungeon, and saw 1 of its levels.

Inventory:

Hand Weapons
 a - a +0 spear (weapon)
Armour
 b - a +0 animal skin (worn)
Scrolls
 c - a scroll of fear {unknown}


   Skills:
 + Level 2.7 Fighting
 + Level 2.7 Polearms
 + Level 1.6 Armour
 + Level 1.6 Dodging


You couldn't memorise any spells.
You didn't know any spells.
Your spell library was empty.

Dungeon Overview and Level Annotations

Branches:
Dungeon (1/15)

Altars:


Innate Abilities, Weirdness & Mutations

You have extremely sharp teeth.
When hurt, damage is shared between your health and your magic reserves.
Your bite disrupts and absorbs the magic of your enemies.
Potions cannot restore your health.


Message History

Welcome, KoroneIsBestGirl the Vine Stalker Berserker.
Will you be the one to retrieve the sublime Orb of Zot from the depths?
Trog says: Kill them all!
Press ? for a list of commands and other information.
Found a staircase leading out of the dungeon.
A goblin comes into view. It is wielding a +0 club.
A goblin is nearby!
You reach to attack!
The helpless goblin fails to defend itself.
You puncture the goblin!
You kill the goblin!
Trog accepts your kill.
No target in view!
No target in view!
Things that are here:
a +0 club; a goblin corpse
c - a scroll labelled MUTWUSOLIR A quokka comes into view.
The quokka moves out of view.
Found a whip.
A quokka is nearby!
A dart slug comes into view.
You reach to attack!
You hit the quokka.
The quokka is heavily wounded.
You barely miss the quokka. Your bite misses the quokka.
The quokka is heavily wounded.
The quokka bites you. x2
You barely miss the quokka. Your bite misses the quokka.
The quokka is heavily wounded.
The dart slug launches a dart at you. The slug dart hits you.
The quokka barely misses you.
You miss the quokka. You bite the quokka, but do no damage.
The quokka is heavily wounded.
The dart slug launches a dart at you. The slug dart hits you.
* * * LOW HITPOINT WARNING * * *
The quokka bites you.
You die...

### #... #...#
.....w ......#
.......########
......r@......#
#....#.######.##
### )..
#...###.# ####
##......#
#..#######
#.....)..#
#.######.# #.#
#.# ..# #.#


You could see a dart slug and a quokka.

Vanquished Creatures
  A goblin (D:1)
1 creature vanquished.

Notes
Turn   | Place    | Note
-------+----------+-------------------------------------------
     0 | D:1      | KoroneIsBestGirl the Vine Stalker Berserker began the quest
                  | for the Orb.
     0 | D:1      | Reached XP level 1. HP: 11/11 MP: 2/2
    49 | D:1      | Slain by a quokka

Illustrated notes

Levels and vault maps discovered:
D:1:      minmay_arrival_stone_box, layout_loops_ring, lexackson_kobold_supper

Action                   || total
-------------------------++-------
Melee: Spear             ||     5
       Bite              ||     1
 Stab: Sleeping          ||     1
Dodge: Dodged            ||     1

Table legend: (Time is in decaauts)
 A = Elapsed time spent in this place.
 B = Non-inter-level travel time spent in this place.
 C = Inter-level travel time spent in this place.
 D = Time resting spent in this place.
 E = Time spent auto-exploring this place.
 F = Levels seen in this place.
 G = Mean time per level.
                   A        B        C        D        E       F      G
               +--------+--------+--------+--------+--------+-----+--------+
         Total |     48 |     48 |      0 |      0 |     39 |   1 |   48.0 |
       Dungeon |     48 |     48 |      0 |      0 |     39 |   1 |   48.0 |
               +--------+--------+--------+--------+--------+-----+--------+

Top non-repeatable levels by time:
     D:1: 48 daAuts
